 Dungeon Crawl Stone Soup version 0.22-a0-525-gf69a080 (webtiles) character file.

71 inc the Cudgeler (level 4, -3/39 HPs)
             Began as a Naga Warper on June 20, 2018.
             Killed from afar by Natasha (7 damage)
             ... with a magic dart
             ... on level 2 of the Dungeon.
             The game lasted 00:03:38 (1668 turns).

inc the Cudgeler (Naga Warper)                      Turns: 1668, Time: 00:03:39

Health: -3/39      AC:  2    Str: 14    XL:     4   Next: 24%
Magic:  7/7        EV:  9    Int: 14    God:
Gold:   79         SH:  0    Dex: 10    Spells: 7/7 levels left

rFire    . . .     SeeInvis +   m - +0 mace (holy)
rCold    . . .     Gourm    .   (no shield)
rNeg     . . .     Faith    .   b - +0 leather armour
rPois    +         Spirit   .   (no helmet)
rElec    .         Reflect  .   (no cloak)
rCorr    .         Harm     .   (no gloves)
MR       .....                  (no barding)
Stlth    +.........             (no amulet)
HPRegen  0.13/turn              (no ring)
MPRegen  0.10/turn              (no ring)

@: short of breath, very slow
A: large, see invisible, deformed body, poison resistance, slowness 2, slow
metabolism 1, spit poison 1, AC +1
a: Spit Poison


You were on level 2 of the Dungeon.
You were not hungry.

You visited 1 branch of the dungeon, and saw 2 of its levels.

You collected 79 gold pieces.

Inventory:

Hand Weapons
 a - a +0 mace
 m - a +0 mace of holy wrath (weapon)
Missiles
 e - 5 tomahawks of dispersal (quivered)
 j - 5 tomahawks
Armour
 b - a +0 leather armour (worn)
Jewellery
 o - an uncursed ring of fire
Scrolls
 d - 2 scrolls of blinking
 i - 2 scrolls of enchant armour {unknown}
 l - a scroll of identify {unknown}
 n - a scroll of remove curse {unknown}
 p - a scroll of random uselessness {unknown}
Potions
 c - 2 potions of flight {unknown}
 g - 2 potions of curing {unknown}
 h - 2 potions of might {unknown}
 k - a potion of mutation {unknown}
 q - a potion of lignification {unknown}
Comestibles
 f - 6 rations


   Skills:
 - Level 2.0 Fighting
 + Level 4.4 Maces & Flails
 - Level 0.8 Throwing
 - Level 0.7 Armour
 - Level 1.5 Dodging
 - Level 2.0 Spellcasting
   Level 3.0 Translocations


You had 7 spell levels left.
You didn't know any spells.
Your spell library contained the following spells:

 Spells                   Type           Power        Failure   Level  Hunger
 Teleport Other           Tloc           #.......     26%         3    ####...
 Blink                    Tloc           N/A          13%         2    ###....
 Passage of Golubria      Tloc           N/A          65%         4    #####..
 Shroud of Golubria       Chrm/Tloc      #.........   24%         2    ###....
 Gell's Gravitas          Tloc           #.........   26%         3    ####...
 Lesser Beckoning         Tloc           #.........   26%         3    ####...


Dungeon Overview and Level Annotations

Branches:
Dungeon (2/15)

Altars:
Vehumet
Zin

Annotations:
D:2 Natasha


Innate Abilities, Weirdness & Mutations

You cannot wear boots.
Your serpentine skin is tough. (AC +1)
You have supernaturally acute eyesight. (SInv)
Armour fits poorly on your strangely shaped body.
Your system is resistant to poisons. (rPois)
You cover ground very slowly.
You have a slow metabolism.
You can spit poison.


Message History

Natasha is heavily wounded.
You feel slightly more hungry. Natasha claws you.
You hit Natasha.
Natasha is severely wounded.
Natasha claws you.
* * * LOW HITPOINT WARNING * * *
You hit Natasha but do no damage.
Natasha is severely wounded.
You have got your breath back.
Natasha claws you.
* * * LOW HITPOINT WARNING * * *
You hit Natasha.
Natasha is almost dead.
Natasha completely misses you. Natasha barely misses you.
Press: ? - help, Shift-Dir - straight line, f/p - Natasha
Aim: Natasha (almost dead, unusually resistant)
The splash of poison misses Natasha.
You feel slightly more hungry. Natasha casts a spell at you.
The magic dart hits you!
You die...

...# #######.#.≈PPP≈≈ ####
#.#P≈PP..# .#
.########.#≈≈P≈#... .# .
..).......#..#.#... .# .##
#####....#..#...# .####..##
..##...#..#..## ....)...##
#.##.......##
.........##.###.##..#..##
..........##...h@##...##
...........######.##)##.
..........................).
.....................##.####
####.###..............# ..
#........†..........# .#
#...............#....# .#
#..............###.).. .
#.............## #...


You could see Natasha.

Vanquished Creatures
  3 adders (D:2)
  3 leopard geckos
  7 bats
  4 giant cockroaches
  3 goblins
  7 hobgoblins
  A ball python (D:1)
  6 frilled lizards
  4 kobolds
  A rat (D:2)
39 creatures vanquished.

Notes
Turn   | Place    | Note
-------+----------+-------------------------------------------
     0 | D:1      | inc the Naga Warper began the quest for the Orb.
     0 | D:1      | Reached XP level 1. HP: 19/19 MP: 3/3
   247 | D:1      | Reached XP level 2. HP: 15/26 MP: 5/5
   637 | D:1      | Reached skill level 3 in Maces & Flails
   826 | D:2      | Reached XP level 3. HP: 27/32 MP: 6/6
  1192 | D:2      | Reached skill level 4 in Maces & Flails
  1420 | D:2      | Reached XP level 4. HP: 39/39 MP: 7/7
  1421 | D:2      | Found a glowing silver altar of Zin.
  1421 | D:2      | Found a radiant altar of Vehumet.
  1657 | D:2      | Noticed Natasha
  1668 | D:2      | Killed from afar by Natasha

Vault maps used:
D:1:      erik_arrival_triangle_small
D:2:      chequers_temple_overflow_statue_of_worship, first_ration,
          roderic_roman_lattice, serial_bayou_lagoon_a, minmay_parallelograms,
          uniq_natasha

Skill      XL: |  1  2  3 |
---------------+----------+-----
Maces & Flails | 3 4 |  4.4
Fighting       | |  2.0
Throwing       | |  0.8
Armour         | |  0.7
Dodging        | |  1.5
Spellcasting   | |  2.0
Translocations | |  3.0

Action                   |  1- 3 |  4- 6 || total
-------------------------+-------+-------++-------
Melee: Mace              |    58 |    17 ||    75
 Abil: Spit Poison       |    27 |     8 ||    35
  Eat: Chunk             |     2 |     1 ||     3
Armor: Leather armour    |    16 |     1 ||    17
Dodge: Dodged            |    35 |     9 ||    44

Table legend:
 A = Spawn XP
 B = Non-spawn XP
 C = Spawn XP percentage of total XP
 D = Spawn monster count
 E = Non-spawn monster count
 F = Spawn count percentage of total count
 G = Total turns spent on level
                    A         B        C        D         E        F      G
               +---------+---------+-------+---------+---------+-------+---------
         Total |       0 |     102 |   0.0 |       0 |      39 |   0.0 |  1668
               +---------+---------+-------+---------+---------+-------+---------
           D:1 |       0 |      25 |   0.0 |       0 |      16 |   0.0 |   804
           D:2 |       0 |      77 |   0.0 |       0 |      23 |   0.0 |   864
               +---------+---------+-------+---------+---------+-------+---------
